 Dungeon Crawl Stone Soup version 0.27-a0-328-g7f782ed93a (webtiles) character file.

Game seed: 7341339439180251065

7320 siradein the Martial Artist (level 10, -8/69 HPs)
             Began as a Demonspawn Transmuter on Feb 11, 2021.
             Was a Believer of Hepliaklqana.
             Mangled by a troll (10 damage)
             ... on level 9 of the Dungeon.
             The game lasted 00:58:49 (15142 turns).

siradein the Martial Artist (DsTm)                 Turns: 15142, Time: 00:58:50

Health: -8/69      AC:  2    Str: 11    XL:     10   Next: 90%
Magic:  11/13      EV: 28    Int: 17    God:    Hepliaklqana [**....]
Gold:   1009       SH:  4    Dex: 25    Spells: 4/13 levels left

rFire    . . .     SeeInvis .     - Unarmed
rCold    . . .     Faith    .   (shield currently unavailable)
rNeg     . . .     Spirit   .   (armour currently unavailable)
rPois    x         Reflect  .   (helmet currently unavailable)
rElec    .         Harm     .   (cloak currently unavailable)
rCorr    .         Rampage  .   (gloves currently unavailable)
Will     .....                  (boots currently unavailable)
Stlth    ++........             D - amulet of regeneration
HPRegen  0.61/turn              F - +6 ring of dexterity
MPRegen  0.13/turn              (no ring)

@: lethally poisoned (-8 -> -25), spider-form (expiring)
A: tiny, reduced essence, demonic guardian 1, condensation shield
a: End Transformation, Renounce Religion, Recall Ancestor, Ancestor Identity


You were on level 9 of the Dungeon.
You worshipped Hepliaklqana.
Hepliaklqana was pleased with you.
You were a venomous arachnid creature.
You visited 2 branches of the dungeon, and saw 11 of its levels.
You also visited: Sewer.

You collected 1009 gold pieces.

Inventory:

Hand Weapons
 r - a +4 quarterstaff of chaos
Armour
 m - a +0 leather armour
 q - a +0 cloak (melded)
 z - a +2 scale mail of fire resistance (melded)
Jewellery
 h - a ring of fire
 C - an amulet of the acrobat
 D - an amulet of regeneration (around neck)
 F - a +6 ring of dexterity (left front leg)
Wands
 p - a wand of digging (7)
 v - a wand of flame (16)
 A - a wand of iceblast (3)
Scrolls
 a - 3 scrolls of enchant armour
 b - 4 scrolls of amnesia {unknown}
 c - a scroll of magic mapping
 d - 6 scrolls of teleportation
 i - a scroll of fog {unknown}
 k - 11 scrolls of identify
 o - a scroll of blinking
 t - a scroll of noise {unknown}
 u - 3 scrolls of fear
 y - a scroll of enchant weapon {unknown}
 B - a scroll of torment {unknown}
Potions
 f - 3 potions of haste
 g - 2 potions of magic
 j - 3 potions of mutation {unknown}
 l - 2 potions of invisibility {unknown}
 n - a potion of curing
 s - 2 potions of degeneration {unknown}
 w - 3 potions of brilliance {unknown}
 x - a potion of ambrosia {unknown}
 E - a potion of experience {unknown}
Miscellaneous
 G - a condenser vane


   Skills:
 + Level 6.5 Fighting
 + Level 3.4 Armour
 + Level 6.1 Dodging
 + Level 9.2 Unarmed Combat
 - Level 2.0 Spellcasting
 + Level 9.0 Transmutations


You had 4 spell levels left.
You knew the following spells:

 Your Spells              Type           Power        Failure   Level
a - Beastly Appendage     Tmut           64%          3%          1
b - Wereblood             Tmut           32%          4%          2
c - Spider Form           Tmut/Pois      8%           22%         3
d - Mephitic Cloud        Conj/Pois/Air  1%           71%         3

Your spell library contained the following spells:

 Spells                   Type           Power        Failure   Level
 Corona                   Hex            1%           38%         1
 Magic Dart               Conj           4%           38%         1
 Shock                    Conj/Air       4%           38%         1
 Summon Small Mammal      Summ           4%           38%         1
 Blink                    Tloc           N/A          50%         2
 Call Imp                 Summ           1%           50%         2
 Ensorcelled Hibernation  Hex/Ice        2%           50%         2
 Slow                     Hex            1%           50%         2
 Swiftness                Air            1%           50%         2
 Ice Form                 Ice/Tmut       17%          52%         4
 Call Canine Familiar     Summ           1%           71%         3
 Confusing Touch          Hex            1%           71%         3
 Conjure Flame            Conj/Fire      1%           71%         3
 Dazzling Flash           Conj/Hex       2%           71%         3
 Inner Flame              Hex/Fire       1%           71%         3
 Portal Projectile        Hex/Tloc       2%           71%         3
 Static Discharge         Conj/Air       1%           71%         3
 Summon Guardian Golem    Hex/Summ       1%           71%         3
 Tukima's Dance           Hex            1%           71%         3
 Airstrike                Air            0%           96%         4
 Cause Fear               Hex            0%           96%         4
 Leda's Liquefaction      Hex/Erth       0%           96%         4
 Summon Ice Beast         Ice/Summ       1%           96%         4
 Summon Lightning Spire   Summ/Air       1%           96%         4
 Blade Hands              Tmut           16%          30%         5
 Lightning Bolt           Conj/Air       0%           100%        5


Dungeon Overview and Level Annotations

Branches:
Dungeon (10/15)            Temple (1/1) D:4            Lair (0/6) D:9
  Sewer (visited)
    Orc: D:9-12

Altars:
Ashenzari
Cheibriados
Dithmenos
Elyvilon
Fedhas
Gozag
Hepliaklqana
Kikubaaqudgha
Makhleb
Nemelex Xobeh
Okawaru
Qazlal
Ru
Sif Muna
Trog
Uskayaw
Vehumet
Wu Jian
Xom
Yredelemnul
Zin
The Shining One

Shops:
D:5 :   D:6 =


Innate Abilities, Weirdness & Mutations

((You have very sharp fingernails.))
A weak demonic guardian rushes to your aid.
((Your movements are less encumbered by armour. (ER -4)))
A meltable shield of frost defends you. (SH +4)
Your life essence is reduced to manifest your ancestor. (-10% HP)


Message History

The killer bee poisons you! You block the killer bee's attack.
You hit the killer bee but do no damage.
You feel sick. The killer bee stings you!
You are more poisoned.
The killer bee poisons you! The killer bee completely misses you.
The killer bee stings you! x2
* * * LOW HITPOINT WARNING * * *
You hit the killer bee.
The killer bee is poisoned.
The killer bee is heavily wounded.
* * * LOW HITPOINT WARNING * * *
You feel very sick. The killer bee completely misses you.
The killer bee barely misses you.
You feel much better.
You feel sick. The killer bee barely misses you. The killer bee misses you.
The killer bee barely misses you. The killer bee stings you.
You are more poisoned.
The killer bee poisons you!
You hit the killer bee but do no damage.
The killer bee is severely wounded.
You feel very sick.
You kill the killer bee!
The killer bee misses you. You block the killer bee's attack.
The killer bee completely misses you.
You hit the killer bee.
The killer bee is poisoned.
The killer bee is moderately wounded.
Your transformation is almost over.
You feel sick. You block the killer bee's attack.
The killer bee completely misses you. The killer bee barely misses you.
The killer bee completely misses you.
You bite the killer bee!
You kill the killer bee!
* * * LOW HITPOINT WARNING * * *
You feel very sick. The killer bee completely misses you.
You barely miss the troll.
* * * LOW HITPOINT WARNING * * *
You feel sick.
The killer bee closely misses you. x2; The troll bites you!
* * * LOW HITPOINT WARNING * * *
A demonic guardian appears!
The troll claws you!
You die...

#.........
##########+#......?..
................≈...≈
...............≈≈.≈.≈
.........Th..≈.≈≈.≈.≈
..............≈≈≈≈≈.≈
######y####..≈≈≈≈≈.; #yT#
#.h.≈≈≈≈.≈ ##s###y††≈≈≈≈..
#5.##..≈≈≈.≈.. ###
##.##..≈≈≈.≈.. ..#
#######'##..≈≈..... ..#####
#..........≈≈≈.≈.>.
......#####...........≈≈≈....
..###....##..........≈≈≈≈.≈.≈
..# ####..#............≈≈≈≈≈
..# ##.'............≈≈


You could see a troll (drained), 2 killer bees and a friendly shadow imp
(summoned).

Vanquished Creatures
  A two-headed ogre (D:9)
  Joseph (D:7)
  Grinder (D:5)
  A wyvern (D:8)
  2 yaks (D:9)
  Eustachio (D:4)
  A water moccasin (D:8)
  An ice beast (D:7)
  2 black bears
  An eye of draining (D:8)
  8 ogres
  A wolf (D:9)
  5 centaurs
  4 kobold brigands
  6 bullfrogs
  A gnoll sergeant (D:9)
  5 scorpions
  4 killer bees (D:9)
  5 howler monkeys
  11 wights
  A quasit (D:4)
  An orc priest (D:8)
  4 jellies
  2 centaur zombies
  2 bullfrog skeletons
  7 hounds
  Crazy Yiuf (D:3)
  6 worker ants
  5 iguanas
  9 orc wizards
  A killer bee zombie (D:7)
  A hound zombie (D:5)
  Robin (D:3)
  13 gnolls
  A river rat (Sewer)
  15 adders
  A shadow imp (D:6)
  4 white imps
  An ufetubus (D:8)
  An adder zombie (D:7)
  4 worms
  A dart slug (D:1)
  2 leopard geckos
  16 orcs
  3 giant cockroaches
  11 goblins
  11 hobgoblins
  4 jackals
  5 quokkas
  4 ball pythons
  A ball python skeleton (D:4)
  3 bats
  4 frilled lizards
  15 kobolds
  A quokka skeleton (D:7)
  6 rats
230 creatures vanquished.

Vanquished Creatures (collateral kills)
  A yak (D:9)
  2 ogres
  A wolf (D:9)
  2 phantoms
  A jelly (D:9)
  A killer bee (D:7)
  A bullfrog zombie (D:5)
  A centaur zombie (D:7)
  A hound (D:7)
  An orc priest (D:7)
  An iguana (D:6)
  A worker ant (D:9)
  An orc (D:4)
  A quokka (D:9)
16 creatures vanquished.

Vanquished Creatures (others)
  2 hexers (D:9)
  2 ancestors
4 creatures vanquished.

Grand Total: 250 creatures vanquished

Notes
Turn   | Place    | Note
-------+----------+-------------------------------------------
     0 | D:1      | siradein the Demonspawn Transmuter began the quest for the
                  | Orb.
     0 | D:1      | Reached XP level 1. HP: 15/15 MP: 3/3
   398 | D:1      | Gained mutation: Your movements are slightly less
                  | encumbered by armour. (ER -2) [demonic ancestry]
   398 | D:1      | Reached XP level 2. HP: 21/21 MP: 3/5
   401 | D:1      | Learned a level 2 spell: Wereblood
  1055 | D:2      | Gained mutation: A meltable shield of frost defends you.
                  | (SH +4) [demonic ancestry]
  1055 | D:2      | Reached XP level 3. HP: 14/26 MP: 4/6
  2005 | D:3      | Reached XP level 4. HP: 22/32 MP: 5/7
  2174 | D:3      | Noticed Robin
  2199 | D:3      | Killed Robin
  2206 | D:3      | HP: 1/32 [hobgoblin[Robin] (2)]
  2563 | D:3      | Gained mutation: A weak demonic guardian rushes to your
                  | aid. [demonic ancestry]
  2563 | D:3      | Reached XP level 5. HP: 21/37 MP: 8/8
  2590 | D:3      | Found a glowing drain.
  2654 | Sewer    | Entered a sewer
  3029 | Sewer    | Reached XP level 6. HP: 43/43 MP: 9/9
  3033 | Sewer    | Learned a level 3 spell: Spider Form
  3250 | Sewer    | Reached skill level 5 in Unarmed Combat
  3705 | D:3      | Found a faded altar of an unknown god.
  4071 | D:3      | Found a runed translucent door.
  4072 | D:3      | Noticed Crazy Yiuf
  4256 | D:3      | Killed Crazy Yiuf
  4482 | D:4      | Reached skill level 5 in Transmutations
  4685 | D:4      | Gained mutation: You have sharp fingernails. [demonic
                  | ancestry]
  4685 | D:4      | Reached XP level 7. HP: 35/48 MP: 7/10
  6136 | D:4      | Found a staircase to the Ecumenical Temple.
  6155 | Temple   | Entered the Ecumenical Temple
  6160 | Temple   | Learned a level 3 spell: Mephitic Cloud
  6232 | Temple   | Became a worshipper of Hepliaklqana the Forgotten
  6436 | D:4      | Noticed Eustachio
  6999 | D:4      | Killed Eustachio
  7158 | D:5      | Entered Level 5 of the Dungeon
  7272 | D:5      | Reached XP level 8. HP: 34/48 MP: 9/11
  7569 | D:5      | Found Xiado's Book Shoppe.
  7591 | D:5      | Noticed Grinder
  7600 | D:5      | Killed Grinder
  8337 | D:6      | Found Wimp's Jewellery Shoppe.
  8677 | D:6      | Reached * piety under Hepliaklqana
  8894 | D:6      | HP: 2/51 [bullfrog (6)]
  9664 | D:6      | Gained mutation: Your movements are less encumbered by
                  | armour. (ER -4) [demonic ancestry]
  9664 | D:6      | Reached XP level 9. HP: 56/56 MP: 12/12
  9869 | D:7      | You fall into a shaft and drop 3 floors!
  9869 | D:10     | Entered Level 10 of the Dungeon
 10208 | D:10     | Noticed a white ugly thing
 10879 | D:8      | Found a snail-covered altar of Cheibriados.
 12272 | D:8      | Reached skill level 5 in Fighting
 12297 | D:8      | Got a silken robe
 12300 | D:8      | Identified the +0 robe of the Lute {*Drain rC+ Will++
                  | Regen+} (You found it on level 8 of the Dungeon)
 12579 | D:8      | Reached skill level 5 in Dodging
 12924 | D:8      | Reached ** piety under Hepliaklqana
 12926 | D:8      | Remembered your ancestor Dickface as a hexer
 12996 | D:7      | Gained mutation: You have very sharp fingernails. [demonic
                  | ancestry]
 12996 | D:7      | Reached XP level 10. HP: 65/66 MP: 11/13
 13156 | D:7      | Reached skill level 1 in Armour
 13372 | D:7      | Noticed Joseph
 13813 | D:7      | Killed Joseph
 14402 | D:9      | Noticed a two-headed ogre
 14446 | D:9      | Killed a two-headed ogre
 15109 | D:9      | Found a staircase to the Lair.
 15142 | D:9      | HP: 2/69 [troll (16)]
 15142 | D:9      | Mangled by a troll

Illustrated notes

Levels and vault maps discovered:
D:1:      giann_bridges, layout_loops_ring
D:2:      layout_rooms, minmay_misc_feat_tiny, minmay_misc_feat_columns,
          chequers_serial_rivers_small_b
D:3:      layout_rooms, chequers_ecumenical_altar_twisty, portal_sewer_entry_b,
          uniq_crazy_yiuf_cottage, uniq_robin
D:4:      layout_rooms, minmay_temple_entry_steel_oval, uniq_eustachio
D:5:      layout_cave_pools, serial_shops, nicolae_shop_trees, uniq_grinder
D:6:      layout_basic, serial_shops, nicolae_shop_waterfront
D:7:      minmay_polygon_palace, layout_basic, uniq_joseph
D:8:      layout_loops_ring, nicolae_overflow_hidden_temple
D:9:      layout_roguey, erik_lair_island, supply_closet_lemuel
D:10:     layout_gridville, minmay_radiant
Temple:   kilobyte_greek_temple

Skill      XL: |  1  2  3  4  5  6  7  8  9 10 |
---------------+-------------------------------+-----
Transmutations | 2 3 4 5 6 7 8 9 |  9.0
Unarmed Combat | 3 4 5 6 7 8 9 |  9.2
Dodging        | 3 5 6 |  6.1
Fighting       | 3 5 6 |  6.5
Armour         | 3 |  3.4
Spellcasting   | |  2.0

Action                   |  1- 3 |  4- 6 |  7- 9 | 10-12 || total
-------------------------+-------+-------+-------+-------++-------
Melee: Unarmed           |    92 |   236 |   422 |   192 ||   942
       Kick              |    16 |    30 |    59 |    23 ||   128
       Headbutt          |     9 |    26 |    40 |    16 ||    91
       Punch             |       |     2 |     9 |     3 ||    14
       Whip              |       |       |    20 |       ||    20
 Cast: Beastly Appendage |    22 |    24 |    42 |    13 ||   101
       Wereblood         |       |     5 |     1 |     1 ||     7
       Spider Form       |       |     1 |    14 |     6 ||    21
Invok: Ancestor Identity |       |       |     2 |       ||     2
       Recall Ancestor   |       |       |     1 |       ||     1
       Ancestor Life: He |       |       |     1 |       ||     1
  Use: Potion            |       |     3 |     2 |     1 ||     6
       Scroll            |       |     3 |     3 |       ||     6
 Stab: Sleeping          |     2 |       |       |       ||     2
       Distracted        |       |       |     4 |     1 ||     5
       Confused          |       |       |       |     2 ||     2
Armor: Robe              |    20 |       |       |       ||    20
       Leather armour    |     2 |    90 |    48 |       ||   140
       Scale mail        |       |       |    42 |    31 ||    73
       Skin              |       |       |     6 |     1 ||     7
Dodge: Dodged            |    62 |   144 |   282 |   168 ||   656
Block: Other             |     4 |    40 |    78 |    30 ||   152

Table legend: (Time is in decaauts)
 A = Elapsed time spent in this place.
 B = Non-inter-level travel time spent in this place.
 C = Inter-level travel time spent in this place.
 D = Time resting spent in this place.
 E = Time spent auto-exploring this place.
 F = Levels seen in this place.
 G = Mean time per level.
                   A        B        C        D        E       F      G
               +--------+--------+--------+--------+--------+-----+--------+
         Total |  15115 |  14883 |    232 |   2343 |   9545 |  12 | 1259.6 |
       Dungeon |  14177 |  13945 |    232 |   2253 |   9008 |  10 | 1417.7 |
        Temple |    174 |    174 |      0 |      0 |    130 |   1 |  174.0 |
         Sewer |    762 |    762 |      0 |     90 |    407 |   1 |  762.0 |
               +--------+--------+--------+--------+--------+-----+--------+

Top non-repeatable levels by time:
     D:3: 3061 daAuts
     D:8: 2301 daAuts
     D:6: 1388 daAuts
     D:7: 1311 daAuts
     D:5: 1295 daAuts
     D:4: 1207 daAuts
     D:1: 1027 daAuts
     D:2: 965 daAuts
     D:9: 962 daAuts
   Sewer: 762 daAuts
    D:10: 656 daAuts
  Temple: 174 daAuts
